 Dungeon Crawl Stone Soup version 0.32-a0-931-g5a2cda0630 (webtiles) character file.

Game seed: 10354140385690549314

182 Ofeo the Charlatan (level 5, 0/39 HPs)
             Began as a Coglin Artificer on Apr 13, 2024.
             Was an Initiate of Beogh.
             Slain by an orc
             ... wielding a +0 flail
              (2 damage)
             ... on level 4 of the Dungeon.
             The game lasted 00:03:01 (3647 turns).

Ofeo the Charlatan (Coglin Artificer)               Turns: 3647, Time: 00:03:01

Health: 0/39       AC: 12    Str: 13    XL:     5   Next: 62%
Magic:  5/5        EV:  6    Int: 10    God:    Beogh [......]
Gold:   335        SH:  0    Dex: 16    Spells: 4/4 levels left

rFire   . . .        s - +0 mace {Eitaro}
rCold   . . .        m - +3 dagger (venom) {Belessunu}
rNeg    . . .        k - +0 chain mail
rPois   .            (no helmet)
rElec   .            p - +2 cloak
rCorr   .            (no gloves)
SInv    .            (no boots)
Will    .....        (amulet unavailable) Stlth
                     (ring unavailable)
HPRegen 0.26/turn    (ring unavailable)
MPRegen 0.09/turn    (no gizmo)

%: no passive effects
@: revved
A: off-hand wielding, slow wielding, warmup strikes, no jewellery
a: Invent Gizmo, Renounce Religion


You were on level 4 of the Dungeon.
You worshipped Beogh.
Beogh was noncommittal.
You visited 1 branch of the dungeon, and saw 4 of its levels.

You collected 335 gold pieces.

Inventory:

Hand Weapons
 a - a +0 club {Fritz}
 f - a +0 dagger {Seoyun}
 m - a +3 dagger of venom (offhand) {Belessunu}
 s - a +0 mace (weapon) {Eitaro}
Armour
 b - a +1 leather armour
 k - a +0 chain mail (worn)
 p - a +2 cloak (worn)
Wands
 c - a wand of flame (12) (quivered)
 d - a wand of charming (13)
 e - a wand of iceblast (1) {@v4}
 r - a wand of mindburst (14)
Scrolls
 h - a scroll of vulnerability
 i - 2 scrolls of blinking {unknown}
 q - a scroll of silence {unknown}
Potions
 g - 2 potions of heal wounds {unknown}
 j - a potion of invisibility {unknown}
 l - a potion of lignification {unknown}
 n - a potion of ambrosia {unknown}
 o - a potion of haste {unknown}


   Skills:
 + Level 2.4 Fighting
 + Level 2.7 Armour
 + Level 2.2 Dodging
 + Level 2.1 Stealth
 + Level 5.0 Evocations


You had 4 spell levels left.
You didn't know any spells.
Your spell library contained the following spells:

 Spells                   Type           Power      Damage    Failure   Level
 Shock                    Conj/Air       0%         1d3       100%        1
 Frozen Ramparts          Ice            0%         1d1       100%        3
 Ozocubu's Armour         Ice            0%         N/A       100%        3
 Swiftness                Air            0%         N/A       100%        3
 Airstrike                Air            0%         2d(0-16)  100%        4
 Metabolic Englaciation   Hex/Ice        0%         N/A       100%        5


Dungeon Overview and Level Annotations

Branches:
Dungeon (4/15)
 Temple: D:4-7

Altars:
Ashenzari


Innate Abilities, Weirdness & Mutations

You can wield a second weapon in your off-hand.
It takes a long time for you to wield or remove held weapons.
Your first few attacks do less damage.
You cannot equip rings or amulets.


Message History

You kill the orc!
Beogh accepts your kill.
You hear a shout!
A goblin comes into view. It is wielding a +0 club.
The orc barely misses you.
Your Stealth skill increases to level 2!
Aiming: Charm
Press: ? - help, Shift-Dir - straight line, f - orc priest
Aim: an orc priest, wielding a +0 war axe (almost dead, chance to affect: 62%)
Okay, then.
Aiming: Throw Flame
Press: ? - help, Shift-Dir - straight line, f - orc priest
Aim: an orc priest, wielding a +0 war axe (almost dead, 74% to hit)
The puff of flame misses the orc priest.
The puff of flame misses the quokka.
The orc hits you but does no damage.
Okay, then.
You closely miss the orc priest with your +0 mace.
The orc priest is almost dead.
You hit the orc priest but do no damage.
The orc priest is poisoned.
The orc hits you but does no damage.
The orc priest hits you but does no damage.
The orc hits you with a +0 flail.
The orc priest mumbles some strange prayers to Beogh against you.
Pain shoots through your body!
* * * LOW HITPOINT WARNING * * *
You take 10 damage, and have 3/39 hp.
MASSIVE DAMAGE!!
You puncture the orc priest with your +3 dagger of venom!
You kill the orc priest!
Beogh accepts your kill.
Beogh appreciates your killing of a heretic priest.
The quokka bites you but does no damage.
The orc hits you but does no damage.
Your Evocations skill increases to level 5!
Aiming: Charm
Press: ? - help, Shift-Dir - straight line, f - quokka
Aim: a quokka (chance to affect: 77%)
The quokka barely resists.
The quokka bites you.
* * * LOW HITPOINT WARNING * * *
The orc hits you with a +0 flail.
You die...

..............
.............
............#
............#
....g.......#
.....).....#
...........#
....?.r@..##
......o....##
######.$....##
#.......##
##........#
#...........
##..........
##...........
##....########


You could see an orc, a quokka and a goblin.

Vanquished Creatures
  2 orc priests (D:4)
  Crazy Yiuf (D:2)
  Jessica (D:2)
  A gnoll (D:1)
  An adder (D:3)
  A dart slug (D:3)
  A ribbon worm (D:2)
  2 orcs
  5 bats
  3 endoplasms
  2 giant cockroaches (D:1)
  5 goblins
  6 hobgoblins
  4 kobolds
  2 quokkas
  A ball python (D:2)
  4 frilled lizards
  6 rats
48 creatures vanquished.

Vanquished Creatures (others)
  An adder (D:2)
1 creature vanquished.

Grand Total: 49 creatures vanquished

Notes
Turn   | Place    | Note
-------+----------+-------------------------------------------
     0 | D:1      | Ofeo the Coglin Artificer began the quest for the Orb.
     0 | D:1      | Reached XP level 1. HP: 15/15 MP: 1/1
    52 | D:1      | Reached skill level 1 in Dodging
    62 | D:1      | Reached skill level 1 in Stealth
    86 | D:1      | Reached XP level 2. HP: 20/21 MP: 2/2
  1055 | D:1      | Reached XP level 3. HP: 15/26 MP: 3/3
  1504 | D:2      | Noticed Jessica
  1517 | D:2      | Killed Jessica
  1518 | D:2      | Reached XP level 4. HP: 3/33 MP: 4/4
  2383 | D:2      | Found a runed translucent door.
  2384 | D:2      | Noticed Crazy Yiuf
  2393 | D:2      | Killed Crazy Yiuf
  2567 | D:3      | Reached XP level 5. HP: 38/38 MP: 5/5
  2886 | D:3      | Found a broken altar of Ashenzari.
  2947 | D:3      | Became a worshipper of Beogh the Shepherd
  3647 | D:4      | Reached skill level 5 in Evocations
  3647 | D:4      | Slain by an orc

Illustrated notes

Levels and vault maps discovered:
D:1:      scummos_arrival_forest, layout_rooms, serial_co_window_serial,
          co_window_paths_b, co_window_paths_a, co_window_of_opportunity_a,
          co_window_paths_a, co_window_corner_a, co_window_paths_c,
          co_window_2corner, co_window_cross_4, co_window_corner_b,
          co_window_corner_ca, co_window_2corner, co_window_corner_ca,
          glass_columns_a, chequers_avenue
D:2:      layout_loops_cross, kennysheep_jessica_study, uniq_crazy_yiuf_cottage
D:3:      layout_loops_cross, cheibrodos_ashenzari_chains,
          minmay_misc_feat_nine_boxes, minmay_liquid_box
D:4:      layout_cave_pods, chei_slow_surprise

Skill      XL: |  1  2  3  4  5 |
---------------+----------------+-----
Dodging        | 1 2 |  2.2
Stealth        | 1 2 |  2.1
Armour         | 2 |  2.7
Fighting       | 2 |  2.4
Evocations     | 5 |  5.0

Action                     |  1- 3 |  4- 6 || total
---------------------------+-------+-------++-------
  Melee: Club              |    82 |    42 ||   124
         Dagger            |    76 |    50 ||   126
         Mace              |       |     5 ||     5
 Invoke: Convert to Beogh  |       |     1 ||     1
  Evoke: Wand              |     1 |     8 ||     9
    Use: Scroll            |       |     5 ||     5
   Stab: Sleeping          |     1 |       ||     1
 Armour: Leather armour    |    60 |    23 ||    83
         Chain mail        |       |    19 ||    19
  Dodge: Dodged            |    43 |    22 ||    65

Table legend: (Time is in decaauts)
 A = Elapsed time spent in this place.
 B = Non-inter-level travel time spent in this place.
 C = Inter-level travel time spent in this place.
 D = Time resting spent in this place.
 E = Time spent auto-exploring this place.
 F = Levels seen in this place.
 G = Mean time per level.
                   A        B        C        D        E       F      G
               +--------+--------+--------+--------+--------+-----+--------+
         Total |   3669 |   3364 |    305 |      0 |   2892 |   4 |  917.2 |
       Dungeon |   3669 |   3364 |    305 |      0 |   2892 |   4 |  917.2 |
               +--------+--------+--------+--------+--------+-----+--------+

Top non-repeatable levels by time:
     D:1: 1405 daAuts
     D:2: 1229 daAuts
     D:3: 983 daAuts
     D:4: 51 daAuts
